Map: Odyssey LE

Players

LiquidMaNa (MaNa) - Winner!

  • Race: Protoss Protoss
  • League: Master
  • Spawn Location: 11:00

Bly

  • Race: Zerg Zerg
  • League: Grandmaster
  • Spawn Location: 5:00

Event: HomeStory Cup XVI

VOD

Have the link to the VOD?

Description

Time

  • Played on: Nov. 11, 2017, 10:55 a.m.
  • Length: 20:44

All games in this series

Show
View Real Time Build Order
Export as new Build Order

LiquidMaNa Protoss - Winner!

Build Orders: 1 Gate Expand, Archon Immortal, Zealot Archon, Archon Drop 

Get SALT Encoding   

  12  0:02  Probe (Chrono Boost)  
  14  0:14  Probe (Chrono Boost)  
  14  0:22  Pylon  
  14  0:26  Probe (Chrono Boost)  
  15  0:37  Probe (Chrono Boost)  
  16  0:44  Gateway, Probe (Chrono Boost)  
  17  0:50  Assimilator  
  17  0:55  Probe (Chrono Boost)  
  18  1:01  Probe (Chrono Boost)  
  18  1:10  Probe (Chrono Boost)  
  20  1:25  Nexus  
  20  1:35  Cybernetics Core  
  21  1:40  Probe (Chrono Boost)  
  21  1:46  Assimilator  
  21  1:52  Probe (Chrono Boost)  
  22  1:55  Pylon  
  22  2:04  Probe (Chrono Boost)  
  23  2:13  Adept  
  26  2:16  Probe (Chrono Boost)  
  26  2:19  Stargate  
  26  2:26  Warp Gate  
  26  2:28  Probe (Chrono Boost)  
  27  2:40  Adept, Probe (Chrono Boost)  
  27  2:41  Probe (Chrono Boost)  
  32  2:52  Probe (Chrono Boost)  
  32  2:53  Void Ray, Probe (Chrono Boost)  
  32  3:04  Probe (Chrono Boost)  
  38  3:06  Probe (Chrono Boost)  
  38  3:16  Probe (Chrono Boost)  
  38  3:18  Gateway, Probe (Chrono Boost)  
  40  3:23  Gateway  
  40  3:26  Probe (Chrono Boost)  
  40  3:27  Probe (Chrono Boost)  
  40  3:32  Probe (Chrono Boost)  
  40  3:33  Probe (Chrono Boost), Pylon  
  44  3:43  Probe (Chrono Boost)  
  44  3:44  Probe (Chrono Boost)  
  46  3:49  Pylon  
  46  3:55  Robotics Facility  
  47  3:57  Probe x2 (Chrono Boost)  
  48  4:07  Forge, Twilight Council  
  50  4:10  Probe x2 (Chrono Boost)  
  50  4:14  Protoss Ground Weapons Level 1  
  50  4:16  Assimilator  
  50  4:18  Assimilator  
  50  4:22  Probe x2 (Chrono Boost)  
  52  4:25  Shield Battery  
  52  4:28  Gateway  
  52  4:31  Warp Prism  
  52  4:34  Probe x2 (Chrono Boost)  
  52  4:36  Charge  
  54  4:44  Templar Archives  
  56  4:51  Pylon  
  56  4:58  Adept  
  58  5:05  Pylon  
  58  5:18  Pylon  
  53  5:28  High Templar  
  53  5:29  High Templar, Zealot x2, Gateway  
  53  5:30  Gateway  
  53  5:33  Archon  
  53  5:34  Gateway  
  61  5:38  Gateway  
  61  5:40  Pylon  
  61  5:51  High Templar  
  61  5:52  High Templar  
  61  5:55  Archon  
  65  6:01  Zealot x2  
  69  6:04  Nexus  
  69  6:05  Pylon  
  65  6:11  Warp Prism  
  65  6:18  High Templar  
  65  6:22  High Templar  
  65  6:24  Zealot x2  
  73  6:29  Archon  
  73  6:30  Zealot x2  
  73  6:31  Protoss Ground Weapons Level 2  
  77  6:36  Zealot x2  
  81  6:40  Shield Battery  
  81  6:43  Probe x2 (Chrono Boost)  
  83  6:54  Adept  
  87  6:55  Probe (Chrono Boost)  
  87  6:56  Probe (Chrono Boost)  
  87  6:58  Pylon  
  87  6:59  Pylon  
  87  7:07  Blink, Robotics Bay  
  87  7:08  Probe x2 (Chrono Boost)  
  89  7:18  Zealot x3  
  89  7:19  Zealot  
  97  7:25  Immortal  
  97  7:26  Probe (Chrono Boost)  
  97  7:27  Probe x2 (Chrono Boost)  
  90  7:43  Robotics Facility  
  76  7:48  Sentry x3  
  78  7:54  Immortal  
  78  7:58  Shield Battery  
  78  7:59  Pylon  
  78  8:02  Shield Battery  
  78  8:03  Shield Battery  
  78  8:11  Probe x2 (Chrono Boost)  
  78  8:12  Stalker, Shield Battery  
  86  8:13  Stalker  
  88  8:20  Immortal  
  88  8:25  Immortal  
  92  8:36  Shield Battery  
  92  8:43  Stalker x3  
  86  8:58  Zealot x5  
  96  9:04  Immortal  
  96  9:07  High Templar x2, Zealot  
  102  9:12  Observer  
  106  9:19  Archon  
  107  9:26  Probe x2 (Chrono Boost)  
  107  9:27  Assimilator  
  107  9:31  Assimilator, Shield Battery  
  109  9:34  Photon Cannon x2  
  109  9:35  Nexus, Sentry  
  111  9:48  Stalker x4  
  115  9:56  Colossus  
  115  9:58  Pylon  
  113  10:00  Warp Prism  
  113  10:06  Pylon  
  115  10:14  Zealot x3  
  119  10:18  Sentry  
  119  10:19  Sentry  
  127  10:22  Shield Battery  
  127  10:27  Shield Battery  
  125  10:37  Colossus  
  125  10:39  Stalker x2  
  125  10:40  Stalker  
  137  10:54  Probe x2 (Chrono Boost)  
  137  10:55  Probe x2 (Chrono Boost)  
  141  11:00  Colossus  
  143  11:06  Probe (Chrono Boost)  
  143  11:07  Photon Cannon, Probe x2 (Chrono Boost)  
  143  11:08  Zealot  
  143  11:13  Zealot  
  143  11:14  Sentry  
  144  11:25  Zealot x2  
  138  11:35  Stalker x4, Extended Thermal Lance  
  146  11:49  Assimilator  
  146  11:56  Protoss Ground Weapons Level 3  
  146  11:57  Zealot x3  
  146  11:58  Zealot x4  
  158  12:18  Psionic Storm  
  156  12:24  Zealot x4  
  160  12:31  Zealot x3  
  160  12:34  Colossus  
  158  12:45  High Templar  
  158  12:46  High Templar x2  
  158  12:49  Pylon  
  158  12:50  Pylon  
  158  12:51  Pylon  
  164  12:52  Pylon  
  164  13:01  Observer  
  155  13:14  High Templar  
  155  13:15  High Templar x2, Nexus  
  155  13:19  Zealot x2  
  165  13:20  Zealot x2  
  165  13:24  Gateway  
  165  13:26  Gateway  
  169  13:27  Gateway  
  165  13:42  High Templar x4  
  173  13:48  Archon  
  173  13:52  Warp Prism  
  173  13:53  Archon  
  173  13:56  Warp Prism  
  173  14:00  Stalker x3  
  181  14:03  Pylon  
  181  14:05  Pylon  
  183  14:13  Pylon  
  183  14:15  Pylon  
  183  14:16  Zealot x4  
  191  14:17  Pylon  
  161  14:46  Stalker x7  
  169  15:04  Stalker x3  
  167  15:09  Shield Battery  
  167  15:11  Shield Battery  
  167  15:12  Stalker x4  
  167  15:13  Stalker x2  
  179  15:14  Shield Battery  
  179  15:15  Photon Cannon  
  179  15:16  High Templar  
  179  15:18  Photon Cannon  
  161  15:52  Stalker x6  
  161  15:53  Stalker, Fleet Beacon, Stargate  
  161  15:56  Stargate  
  133  16:04  Stalker x3  
  117  16:21  Stalker x6  
  117  16:24  Stalker  
  127  16:31  Tempest  
  127  16:32  Tempest  
  127  16:33  High Templar x2  
  127  16:37  Archon  
  131  16:45  High Templar x2  
  147  16:49  Assimilator  
  147  16:50  Assimilator  
  147  16:58  Tempest  
  147  16:59  Zealot  
  149  17:01  Tempest  
  148  17:22  Tempest  
  160  17:30  Pylon  
  166  17:50  High Templar x3  
  170  18:04  Photon Cannon  
  170  18:05  Stalker x6  
  178  18:06  Photon Cannon  
  178  18:30  Zealot  
  178  18:31  Zealot x9  
  178  19:17  High Templar x4  
  178  19:19  Stalker x5  
  178  19:21  Stalker  
  178  19:22  Archon x2  
  198  19:28  Nexus  
  198  19:30  Shield Battery  
  198  19:33  Shield Battery  
  198  19:36  Pylon  
  198  19:43  Zealot  
  198  19:49  Oracle  
  198  19:51  Tempest  
  150  20:17  Zealot x7  
  150  20:18  Zealot  
  162  20:38  Zealot x7  
Show
View Real Time Build Order
Export as new Build Order

Bly Zerg 

Build Orders: Hatch First 

Get SALT Encoding   

  12  0:01  Drone  
  13  0:12  Overlord  
  13  0:19  Drone  
  14  0:30  Drone x2  
  16  0:35  Drone  
  17  0:51  Hatchery  
  17  0:56  Drone  
  17  0:59  Drone  
  17  1:02  Extractor  
  17  1:14  Spawning Pool  
  16  1:18  Drone  
  16  1:21  Drone  
  18  1:27  Drone  
  19  1:39  Overlord  
  19  1:49  Drone  
  20  2:01  Queen  
  20  2:02  Zergling x2  
  20  2:03  Queen  
  20  2:04  Zergling x2  
  20  2:08  Metabolic Boost  
  26  2:18  Drone x2  
  28  2:30  Drone x2  
  30  2:44  Hatchery  
  30  2:47  Drone x2  
  30  2:48  Overlord  
  31  2:55  Queen  
  33  3:01  Drone x3  
  36  3:08  Drone x2  
  38  3:21  Drone  
  38  3:22  Overlord, Drone x2  
  41  3:32  Queen  
  43  3:40  Queen  
  45  3:42  Drone x6  
  51  3:50  Overlord x2  
  51  4:06  Overlord  
  51  4:07  Queen  
  51  4:09  Zergling x10  
  58  4:17  Overlord  
  58  4:26  Zergling x16  
  66  4:33  Overlord  
  66  4:39  Drone x3  
  66  4:40  Drone x2  
  66  4:42  Extractor  
  69  4:48  Drone  
  69  4:51  Overlord  
  70  4:57  Drone x2  
  72  5:01  Overlord  
  72  5:02  Roach Warren  
  70  5:17  Drone x8  
  76  5:26  Spore Crawler  
  76  5:27  Spore Crawler  
  76  5:28  Lair  
  73  5:29  Extractor  
  73  5:30  Hatchery  
  73  5:31  Spore Crawler  
  70  5:37  Zergling x10  
  70  5:38  Zergling x2  
  75  5:47  Roach x6  
  86  5:52  Roach x3  
  80  6:20  Roach  
  80  6:21  Roach x8  
  98  6:27  Glial Reconstitution  
  98  6:28  Overlord x3  
  97  6:35  Overseer  
  97  6:42  Extractor  
  97  6:43  Drone x7  
  103  7:01  Drone x4  
  107  7:05  Extractor  
  107  7:06  Overlord x2  
  106  7:08  Overlord  
  106  7:09  Evolution Chamber, Hatchery  
  106  7:12  Roach x8  
  120  7:16  Extractor  
  120  7:17  Extractor  
  120  7:19  Zergling x6  
  121  7:27  Hatchery  
  120  7:34  Roach x7  
  121  7:41  Roach x3  
  122  7:52  Drone x2  
  122  7:53  Drone  
  122  7:55  Drone x2, Hatchery  
  126  8:00  Drone x2  
  126  8:01  Drone  
  126  8:03  Drone x2  
  126  8:04  Drone  
  132  8:05  Drone  
  132  8:09  Drone x2  
  132  8:11  Overlord  
  135  8:18  Baneling Nest  
  120  8:29  Ravager x6  
  120  8:30  Ravager  
  120  8:31  Drone  
  120  8:32  Hydralisk Den, Drone x9  
  136  8:37  Overlord  
  136  8:38  Overlord  
  136  8:41  Overlord  
  104  9:04  Roach  
  104  9:05  Roach x12  
  122  9:19  Muscular Augments, Centrifical Hooks  
  122  9:28  Hydralisk  
  122  9:29  Hydralisk x5  
  122  9:30  Hydralisk  
  136  9:36  Overseer  
  136  9:42  Zergling x34  
  153  10:04  Zerg Melee Weapons Level 1  
  153  10:07  Hydralisk x9  
  153  10:08  Infestation Pit  
  153  10:11  Drone x2  
  153  10:12  Drone  
  172  10:26  Baneling x7  
  172  10:31  Drone  
  172  10:32  Drone x9  
  181  10:41  Spine Crawler  
  180  10:54  Extractor  
  180  10:55  Extractor  
  176  10:58  Hive  
  176  11:01  Spire  
  169  11:20  Hydralisk x11  
  183  11:32  Overlord x2  
  173  11:33  Overlord  
  173  11:34  Zergling x2  
  173  11:35  Zergling x12  
  176  11:40  Spore Crawler  
  176  11:41  Spine Crawler  
  176  11:42  Spine Crawler x2  
  176  11:45  Zergling x22  
  179  11:58  Baneling x3  
  179  11:59  Baneling x7  
  179  12:04  Zergling x14  
  179  12:05  Ravager  
  179  12:06  Ravager x6  
  193  12:12  Greater Spire  
  192  12:17  Baneling x4  
  173  12:41  Hatchery  
  173  12:43  Zergling x12  
  173  12:44  Zergling x26  
  169  12:52  Hydralisk x3  
  169  12:53  Corruptor  
  169  13:10  Corruptor x7  
  183  13:17  Hatchery  
  182  13:30  Brood Lord  
  181  13:45  Brood Lord x4  
  181  13:46  Brood Lord  
  181  13:48  Overlord, Zergling x2  
  191  13:54  Overlord  
  191  13:58  Spine Crawler  
  191  14:00  Spine Crawler  
  189  14:04  Brood Lord x2  
  189  14:06  Infestor  
  189  14:07  Infestor  
  189  14:09  Drone x3  
  196  14:10  Drone x3  
  194  14:24  Infestor x3  
  186  14:41  Hydralisk x6  
  193  14:52  Hydralisk  
  193  14:53  Hydralisk x2  
  193  14:59  Zerg Melee Weapons Level 2  
  199  15:02  Drone x4  
  198  15:13  Burrow  
  198  15:17  Pneumatized Carapace  
  128  16:04  Hydralisk  
  128  16:05  Hydralisk x18  
  151  16:19  Drone x2  
  151  16:20  Hatchery  
  151  16:22  Extractor  
  151  16:30  Infestor x2  
  151  16:31  Infestor  
  157  16:42  Spore Crawler  
  156  16:55  Corruptor x3  
  156  16:56  Corruptor  
  164  17:03  Drone x3  
  164  17:04  Drone x4  
  171  17:38  Brood Lord x2  
  171  17:39  Brood Lord x2  
  179  17:48  Viper  
  179  17:49  Viper  
  185  17:55  Corruptor  
  185  17:57  Zergling x18  
  196  18:09  Drone  
  196  18:10  Spore Crawler x2  
  196  18:12  Spore Crawler  
  192  18:23  Corruptor x4  
  199  18:36  Overseer  
  199  18:38  Overseer  
  199  18:39  Baneling x4  
  199  18:40  Baneling x2  
  198  18:43  Corruptor  
  200  18:49  Extractor  
  179  19:14  Hatchery  
  178  19:25  Drone x4  
  181  19:42  Hatchery  
  143  20:08  Corruptor  
  143  20:09  Corruptor x4  
  102  20:20  Hydralisk x7  
Tags
 
Add a new tag
Caveats
  • Supply blocks, unpowered buildings, or Contaminate may cause inaccurate times.
  • Supply counts are checked every 10 seconds.